 Dungeon Crawl Stone Soup version 0.32-a0-898-g7811c86cf0 (webtiles) character file.

Game seed: 10373647059549825064

412 jasper the Ruffian (level 6, -1/43 HPs)
             Began as an Octopode Fighter on Apr 4, 2024.
             Slain by a shadow imp (5 damage)
             ... on level 5 of the Dungeon.
             The game lasted 00:04:07 (2847 turns).

jasper the Ruffian (Octopode Fighter)               Turns: 2847, Time: 00:04:07

Health: -1/43      AC:  1    Str: 17    XL:     6   Next: 90%
Magic:  6/6        EV: 12    Int: 11    God:
Gold:   180        SH:  4    Dex: 11    Spells: 5/5 levels left

rFire   . .          .
                       - Unarmed
rCold   . . .        a - +0 buckler
rNeg    . . .        (helmet restricted)
rPois   .            (no amulet)
rElec   .            g - ring of see invisible
rCorr   .            (no ring)
SInv    +            (no ring)
Will    .....        (no ring)
Stlth   ++           (no ring)
HPRegen 0.27/turn    (no ring)
MPRegen 0.10/turn    (no ring)
                     (no ring)

%: no passive effects
@: lethally poisoned (-1 -> -30)
A: almost no armour, amphibious, 8 rings, camouflage 1, gelatinous body 1,
(nimble swimmer 1), tentacles
a: no special abilities


You were on level 5 of the Dungeon.
You visited 1 branch of the dungeon, and saw 6 of its levels.

You collected 180 gold pieces.

Inventory:

Hand Weapons
 d - a +0 club
Missiles
 e - 2 silver javelins
 i - 41 stones (quivered)
Armour
 a - a +0 buckler (worn)
Jewellery
 g - a ring of see invisible (left tentacle)
 n - a ring of magical power
Scrolls
 c - 2 scrolls of silence
 h - a scroll of blinking
 j - a scroll of teleportation {unknown}
Potions
 b - a potion of might
 f - a potion of heal wounds
 l - 2 potions of enlightenment
 m - a potion of magic {unknown}
 o - a potion of degeneration {unknown}
 p - a potion of curing {unknown}
 q - a potion of cancellation {unknown}


   Skills:
 + Level 4.2 Fighting
 + Level 4.2 Dodging
 + Level 4.2 Shields
 * Level 4.7 Unarmed Combat


You had 5 spell levels left.
You didn't know any spells.
Your spell library contained the following spells:

 Spells                   Type           Power      Damage    Failure   Level
 Inner Flame              Hex/Fire       0%         N/A       80%         3
 Flame Wave               Conj/Fire      0%         2d4       99%         4
 Sticky Flame             Fire/Alch      0%         2d4       99%         4


Dungeon Overview and Level Annotations

Branches:
Dungeon (6/15)
 Temple: D:4-7

Altars:
Elyvilon
Wu Jian


Innate Abilities, Weirdness & Mutations

You cannot wear most types of armour.
You are amphibious.
You can wear up to eight rings at the same time.
Your skin changes colour to match your surroundings (Stealth+).
Your rubbery body absorbs attacks. (AC +1, EV +1)
((You are camouflaged when in or above water. (Stealth+)))
You have tentacles for arms and can constrict up to eight enemies at once.


Message History

The shadow imp shouts, "Scamper hence, thou cockered boil-brained reprobate!"
There is a stone staircase leading down here.
The shadow imp gestures at you. Pain shoots through your body!
You take 14 damage, and have 29/43 hp.
MASSIVE DAMAGE!!
The adder closely misses you. The scorpion barely misses you.
You barely miss the adder. Your grab misses the adder.
The adder closely misses you.
The scorpion stings you but does no damage.
You closely miss the adder. Your grab misses the adder. You squeeze the adder.
The adder is lightly wounded.
The adder bites you. The scorpion stings you.
You are poisoned.
The scorpion poisons you!
You take 7 damage, and have 23/43 hp.
You tentacle-slap the adder. Your grab misses the adder.
Your squeeze misses the adder.
The adder is severely wounded.
You feel sick. The adder bites you. You block the shadow imp's attack.
The scorpion closely misses you. The adder completely misses you.
You take 4 damage, and have 19/43 hp.
You barely miss the adder. You grab the adder. You squeeze the adder.
You kill the adder!
You feel sick. The scorpion stings you.
You are lethally poisoned!
The scorpion poisons you!
The shadow imp hits you but does no damage.
You take 4 damage, and have 15/43 hp.
You tentacle-slap the scorpion. You grab the scorpion.
You tentacle-slap the scorpion.
You squeeze the scorpion, but do no damage.
The scorpion is moderately wounded.
You constrict the scorpion.
* * * LOW HITPOINT WARNING * * *
You feel very sick. The scorpion stings you!
* * * LOW HITPOINT WARNING * * *
You are more poisoned.
The scorpion poisons you! The shadow imp hits you.
You die...

### #####
#...#...##
.........##
......s...#
......†@..#
......5..>#
.........##
#...#...##
### #####


You could see a scorpion and a shadow imp.

Vanquished Creatures
  A water moccasin (D:6)
  An orc warrior (D:6)
  A jelly (D:6)
  Jessica (D:3)
  An iguana (D:4)
  An orc wizard (D:6)
  2 adders
  A dart slug (D:2)
  A ribbon worm (D:3)
  2 orcs (D:6)
  3 ball pythons
  9 endoplasms
  2 giant cockroaches
  3 goblins
  10 hobgoblins
  4 jackals (D:1)
  4 quokkas
  7 bats
  5 frilled lizards
  8 kobolds
  9 rats
76 creatures vanquished.

Notes
Turn   | Place    | Note
-------+----------+-------------------------------------------
     0 | D:1      | jasper the Octopode Fighter began the quest for the Orb.
     0 | D:1      | Reached XP level 1. HP: 16/16 MP: 1/1
    49 | D:1      | Reached XP level 2. HP: 15/21 MP: 2/2
   438 | D:1      | Reached XP level 3. HP: 18/26 MP: 3/3
  1471 | D:2      | Reached XP level 4. HP: 31/31 MP: 4/4
  1926 | D:3      | Found an ornate altar of the Wu Jian Council.
  2015 | D:3      | Found a white marble altar of Elyvilon.
  2320 | D:3      | Noticed Jessica
  2325 | D:3      | Killed Jessica
  2506 | D:4      | Reached XP level 5. HP: 5/36 MP: 5/5
  2655 | D:4      | You fall into a shaft and drop 2 floors!
  2668 | D:6      | Noticed a water moccasin
  2674 | D:6      | Noticed an orc warrior
  2697 | D:6      | Killed an orc warrior
  2698 | D:6      | Reached XP level 6. HP: 28/43 MP: 6/6
  2701 | D:6      | Killed a water moccasin
  2840 | D:5      | Entered Level 5 of the Dungeon
  2847 | D:5      | Slain by a shadow imp

Illustrated notes

Levels and vault maps discovered:
D:1:      evilmike_arrival_fibonacci_small, layout_loops_ring,
          chequers_serial_rivers_micro_e, grunt_decor_fettered
D:2:      minmay_razor_zed, layout_loops_cross, dreamdust_princess_corridor
D:3:      layout_loops_ring, marbit_many_paths, nicolae_elyvilon_temple_path,
          hex_large, minmay_misc_feat_cross, uniq_jessica
D:4:      layout_loops_cross, gammafunk_ghost_necromancy, uniq_pikel
D:5:      layout_rooms, nicolae_hepliaklqana_hazy_memory, uniq_eustachio,
          uniq_blork_the_orc, uniq_crazy_yiuf_cottage
D:6:      nicolae_cairo_tiling_large_dashed, layout_cave_pools,
          minmay_temple_entry_enclosed_plants

Skill      XL: |  1  2  3  4  5  6 |
---------------+-------------------+-----
Unarmed Combat | 3 4 |  4.7
Dodging        | 4 |  4.2
Shields        | 4 |  4.2
Fighting       | 4 |  4.2

Action                     |  1- 3 |  4- 6 || total
---------------------------+-------+-------++-------
  Melee: Unarmed           |    88 |    60 ||   148
         Constrict         |    26 |    16 ||    42
         Tentacles         |    15 |    11 ||    26
         Punch             |       |     4 ||     4
  Throw: Stone             |     1 |       ||     1
    Use: Scroll            |     4 |     3 ||     7
         Potion            |       |     4 ||     4
   Stab: Sleeping          |     8 |     2 ||    10
 Armour: Skin              |    42 |    27 ||    69
  Dodge: Dodged            |    40 |    32 ||    72
  Block: Buckler           |    18 |     5 ||    23

Table legend: (Time is in decaauts)
 A = Elapsed time spent in this place.
 B = Non-inter-level travel time spent in this place.
 C = Inter-level travel time spent in this place.
 D = Time resting spent in this place.
 E = Time spent auto-exploring this place.
 F = Levels seen in this place.
 G = Mean time per level.
                   A        B        C        D        E       F      G
               +--------+--------+--------+--------+--------+-----+--------+
         Total |   2828 |   2751 |     77 |      0 |   2196 |   6 |  471.3 |
       Dungeon |   2828 |   2751 |     77 |      0 |   2196 |   6 |  471.3 |
               +--------+--------+--------+--------+--------+-----+--------+

Top non-repeatable levels by time:
     D:1: 960 daAuts
     D:2: 889 daAuts
     D:3: 630 daAuts
     D:4: 171 daAuts
     D:6: 170 daAuts
     D:5: 6 daAuts
